 Dungeon Crawl Stone Soup version 0.20.0-7-g3b7b877 (webtiles) character file.

11601 mopl the Grappler (level 11, -11/111 HPs)
             Began as a Troll Hunter on May 29, 2017.
             Mangled by Snorg (23 damage)
             ... on level 1 of the Orcish Mines.
             The game lasted 00:17:46 (8857 turns).

mopl the Grappler (Troll Hunter)                    Turns: 8857, Time: 00:17:46

Health: -11/111    AC:  8    Str: 22    XL:     11   Next: 51%
Magic:  19/19      EV:  9    Int:  7    God:
Gold:   935        SH:  0    Dex: 13    Spells: 7/10 levels left

rFire    . . .     SeeInvis .     - Unarmed
rCold    + . .     Gourm    +   (no shield)
rNeg     + . .     Faith    +   y - +0 troll leather armour {Purgy}
rPois    +         Spirit   .   I - +1 hat {MR+}
rElec    .         Reflect  .   L - scarf {repulsion}
rCorr    .         Harm     .   (gloves unavailable)
MR       +....                  (boots unavailable)
Stlth    +.........             w - amulet of faith {!P}
Regen    1.1/turn               H - ring "Baevuk" {rC+ rN+ MP+9}
MPRegen  0.2/turn               N - ring of poison resistance

@: repel missiles
A: unfitting armour, claws 3, fast metabolism 3, gourmand, regeneration 1,
shaggy fur 1, tough skin 2
a: no special abilities


You were on level 1 of the Orcish Mines.
You were completely stuffed.

You visited 2 branches of the dungeon, and saw 12 of its levels.
You also visited: Sewer.

You collected 935 gold pieces.

Inventory:

Hand Weapons
 b - a +0 hunting sling
 M - the +4 great mace of Sienn {crush, rF++, unknown}
   (You found it on level 7 of the Dungeon)

   It inflicts extra damage upon your enemies.
   It greatly protects you from fire.
Missiles
 c - 5 large rocks
 d - 2 throwing nets
 g - 339 stones
 t - 2 curare-tipped needles
 x - 3 javelins (quivered)
 C - 33 poisoned needles
 S - 3 steel tomahawks
 W - 11 tomahawks
Armour
 v - a +2 cloak
 y - a +0 troll leather armour (worn) {Purgy}
 E - a cursed +0 robe
 F - a +0 robe of fire resistance
 I - a +1 hat of magic resistance (worn)
 L - a scarf of repulsion (worn)
Jewellery
 w - an amulet of faith (around neck) {!P}
 H - the ring "Baevuk" (left claw) {rC+ rN+ MP+9}
   (You took it off an orc wizard on level 6 of the Dungeon)

   [ring of magical power]

   It protects you from cold.
   It protects you from negative energy.
   It affects your magic capacity (+9).
 N - a ring of poison resistance (right claw)
Wands
 A - a wand of flame (10/48)
 R - a wand of random effects (26/48)
Scrolls
 e - 5 scrolls of remove curse {unknown}
 h - 6 scrolls of identify {unknown}
 i - 2 scrolls of recharging {unknown}
 l - a scroll of enchant weapon {unknown}
 o - a scroll of fear {unknown}
 r - a scroll of immolation {unknown}
 s - 3 scrolls of fog {unknown}
 B - 2 scrolls of blinking {unknown}
 J - 3 scrolls of teleportation {unknown}
 K - 2 scrolls of noise {unknown}
 O - a scroll of enchant armour {unknown}
 P - 3 scrolls of amnesia {unknown}
 T - a scroll of random uselessness {unknown}
Potions
 a - 5 potions of curing {unknown}
 j - 3 potions of lignification {unknown}
 k - 2 potions of might {unknown}
 n - 3 potions of brilliance {unknown}
 p - a potion of berserk rage {unknown}
 q - 2 potions of heal wounds
 u - 3 potions of degeneration {unknown}
 z - 2 potions of magic {unknown}
 G - a potion of ambrosia {unknown}
 U - a potion of agility {unknown}
Books
 Q - a book of Misfortune

   Spells                             Type                      Level
   a - Confusing Touch                Hexes                        1
   b - Confuse                        Hexes                        3
   c - Gell's Gravitas                Translocation                3
   d - Petrify                        Transmutation/Earth          4
   e - Metabolic Englaciation         Hexes/Ice                    5
   f - Yara's Violent Unravelling     Hexes/Transmutation          5
Comestibles
 f - 9 bread rations
 m - 3 meat rations
 D - 2 royal jellies
 V - 4 chunks of flesh


   Skills:
 + Level 8.2 Fighting
 + Level 9.0 Throwing
 - Level 1.5 Dodging
 - Level 0.3 Stealth
 * Level 12.7 Unarmed Combat


You had 7 spell levels left.
You knew the following spells:

 Your Spells              Type           Power        Failure   Level  Hunger
c - Confusing Touch       Hex            #.....       47%         1    ##.....
e - Blink                 Tloc           N/A          63%         2    ###....


Dungeon Overview and Level Annotations

Branches:
Dungeon (10/15)            Temple (0/1) D:6             Orc (2/2) D:10
   Lair: D:8-11         Elf: Orc:2

Altars:
Cheibriados
Dithmenos
Gozag
Kikubaaqudgha
Makhleb
Ru
Sif Muna
Vehumet
Zin
Beogh

Shops:
D:6 [   D:7 [

Annotations:
D:8 Agrougrou's ghost, novice GrFi
Orc:1 Snorg


Innate Abilities, Weirdness & Mutations

You are too large for most types of armour.
You have claws for hands.
Your metabolism is lightning-fast.
You like to eat raw meat.
Your natural rate of healing is unusually fast.
You are covered in fur. (AC +1)
You have very tough skin. (AC +2)


Message History

You scratch Snorg.
Snorg is lightly wounded.
Snorg barely misses you. Snorg completely misses you. Snorg claws you.
You mangle Snorg!!
Snorg is moderately wounded.
Snorg goes berserk!
You eviscerate Snorg!!!
Snorg is severely wounded.
Snorg bites you! Snorg claws you! Snorg claws you.
You mangle Snorg!!
Snorg is almost dead.
Snorg bites you!!
* * * LOW HITPOINT WARNING * * *
Snorg claws you!
* * * LOW HITPOINT WARNING * * *
Snorg claws you but does no damage.
You barely miss Snorg.
Snorg is almost dead.
Snorg bites you!!
You die...

#.#[[........##....
#.##[.....#.###....
###......#####.....
#....##### ##.#..
###......#.## ####.
#...........## #.
###...........# #.
###.T[..........##
##
##...[@...#.#...>.#
#.#...[..#####...###
###.......#........#
#.......#......###
##............##
##.#.........#
####.......##
#.#....## ####..##


You could see Snorg (berserk).

Vanquished Creatures
  A two-headed ogre (D:10)
  An orc high priest (Orc:2)
  A wizard (D:7)
  An orc knight (Orc:1)
  Pikel (D:5)
  An orc sorcerer (D:7)
  2 trolls
  2 hippogriffs
  4 yaks (D:9)
  2 hungry ghosts
  A steam dragon (D:10)
  4 vampire mosquitoes (D:10)
  Menkaure (D:6)
  Duvessa (D:6)
  14 orc warriors
  3 sky beasts
  A slave (D:5)
  2 ice beasts
  2 black bears
  A necrophage (D:9)
  Purgy (Sewer)
  6 ogres
  5 centaurs
  Blork the orc (D:6)
  The ghost of grisnicke the Shooter, an amateur TeAM of Okawaru (Sewer)
  A big kobold (D:10)
  4 bullfrogs
  Dowan (D:6)
  4 scorpions
  4 wights (D:10)
  A vampire bat (D:3)
  A howler monkey (D:6)
  A centaur zombie (D:9)
  4 crimson imps
  2 quasits
  2 jellies
  Crazy Yiuf (D:3)
  9 orc priests
  A bullfrog skeleton (D:6)
  4 hounds
  Terence (D:2)
  17 orc wizards
  6 worker ants
  5 iguanas
  A hound skeleton (D:6)
  2 hound zombies
  5 worker ant zombies
  Robin (D:2)
  3 gnolls (D:4)
  A howler monkey skeleton (D:6)
  14 adders
  2 shadow imps
  An adder zombie (D:6)
  3 worms
  A dart slug (D:1)
  6 leopard geckos
  55 orcs
  A ball python (D:4)
  3 bat skeletons (D:3)
  2 bat zombies (D:3)
  3 giant cockroaches
  14 hobgoblins
  10 jackals
  14 kobolds
  4 quokkas
  14 bats
  9 frilled lizards
  A giant cockroach zombie (D:5)
  14 goblins
  A leopard gecko zombie (D:8)
  9 rats
323 creatures vanquished.

Vanquished Creatures (others)
  2 jackals (D:5)
2 creatures vanquished.

Grand Total: 325 creatures vanquished

Notes
Turn   | Place    | Note
-------+----------+-------------------------------------------
     0 | D:1      | mopl the Troll Hunter began the quest for the Orb.
     0 | D:1      | Reached XP level 1. HP: 19/19 MP: 0/0
   242 | D:1      | Reached skill level 1 in Unarmed Combat
   249 | D:1      | Reached XP level 2. HP: 28/28 MP: 1/1
   663 | D:1      | Reached XP level 3. HP: 34/35 MP: 2/2
   877 | D:2      | Reached skill level 2 in Fighting
   877 | D:2      | Reached skill level 2 in Unarmed Combat
  1022 | D:2      | Noticed Terence
  1035 | D:2      | Killed Terence
  1035 | D:2      | Reached skill level 4 in Throwing
  1035 | D:2      | Reached XP level 4. HP: 36/42 MP: 3/3
  1311 | D:2      | Noticed Robin
  1324 | D:2      | Killed Robin
  1348 | D:2      | Reached skill level 3 in Unarmed Combat
  1408 | D:2      | Reached XP level 5. HP: 43/50 MP: 4/4
  1799 | D:2      | Learned a level 2 spell: Blink
  1999 | D:3      | Found a snail-covered altar of Cheibriados.
  2232 | D:3      | Found a runed door.
  2236 | D:3      | Noticed Crazy Yiuf
  2243 | D:3      | Killed Crazy Yiuf
  2454 | D:3      | Reached skill level 3 in Fighting
  2458 | D:3      | Found an ancient bone altar of Kikubaaqudgha.
  2473 | D:3      | Reached skill level 4 in Unarmed Combat
  2473 | D:3      | Reached XP level 6. HP: 60/61 MP: 5/5
  2737 | D:4      | Found a glowing drain.
  2764 | Sewer    | Entered a sewer
  2764 | Sewer    | Noticed grisnicke's ghost (amateur TeAM)
  2798 | Sewer    | Killed grisnicke's ghost
  2863 | Sewer    | Noticed Purgy
  2876 | Sewer    | Killed Purgy
  2876 | Sewer    | Reached skill level 5 in Unarmed Combat
  2876 | Sewer    | Reached XP level 7. HP: 44/67 MP: 6/6
  2977 | D:4      | Found a radiant altar of Vehumet.
  2988 | D:4      | Reached skill level 5 in Throwing
  3197 | D:4      | Found a deep blue altar of Sif Muna.
  3213 | D:4      | Found a glowing silver altar of Zin.
  3385 | D:4      | Reached skill level 4 in Fighting
  3394 | D:4      | Reached skill level 6 in Unarmed Combat
  3495 | D:4      | Found a sacrificial altar of Ru.
  3525 | D:5      | Entered Level 5 of the Dungeon
  3691 | D:5      | Noticed Pikel
  3721 | D:5      | Killed Pikel
  3721 | D:5      | Reached skill level 7 in Unarmed Combat
  3721 | D:5      | Reached XP level 8. HP: 40/79 MP: 7/7
  3835 | D:5      | Reached skill level 6 in Throwing
  4162 | D:6      | Noticed Menkaure
  4165 | D:6      | Killed Menkaure
  4165 | D:6      | Reached skill level 5 in Fighting
  4167 | D:6      | Reached skill level 8 in Unarmed Combat
  4314 | D:6      | Found Humowk's Antique Armour Emporium.
  4333 | D:6      | Noticed Blork the orc
  4339 | D:6      | Killed Blork the orc
  4361 | D:6      | Reached XP level 9. HP: 73/88 MP: 8/8
  4432 | D:6      | Got a scintillating wooden ring
  4433 | D:6      | Identified the ring "Baevuk" {rC+ rN+ MP+9} (You took it off an orc wizard on level 6 of the Dungeon)
  4538 | D:6      | Found a staircase to the Ecumenical Temple.
  4610 | D:6      | Found a shadowy altar of Dithmenos.
  4699 | D:6      | Noticed Duvessa
  4699 | D:6      | Noticed Dowan
  4703 | D:6      | Killed Duvessa
  4703 | D:6      | Reached skill level 9 in Unarmed Combat
  4712 | D:6      | Killed Dowan
  4846 | D:7      | Found Rismopn's Antique Armour Shoppe.
  5065 | D:7      | Noticed a wizard
  5076 | D:7      | Reached skill level 7 in Throwing
  5104 | D:7      | Killed a wizard
  5104 | D:7      | Reached skill level 6 in Fighting
  5125 | D:7      | Got a smoking great mace
  5216 | D:7      | Found a burning altar of Makhleb.
  5228 | D:7      | Reached skill level 10 in Unarmed Combat
  5298 | D:7      | Learned a level 1 spell: Confusing Touch
  5487 | D:7      | Noticed an orc sorcerer
  5488 | D:7      | Noticed a rust devil
  5524 | D:7      | Killed an orc sorcerer
  5524 | D:7      | Reached XP level 10. HP: 100/100 MP: 9/9
  5598 | D:8      | Noticed Agrougrou's ghost (novice GrFi)
  6369 | D:9      | Reached skill level 7 in Fighting
  6455 | D:9      | Found an opulent altar of Gozag.
  6468 | D:9      | Reached skill level 11 in Unarmed Combat
  6532 | D:9      | Reached skill level 8 in Throwing
  7039 | D:10     | Entered Level 10 of the Dungeon
  7384 | D:10     | Noticed a two-headed ogre
  7390 | D:10     | Killed a two-headed ogre
  7390 | D:10     | Reached XP level 11. HP: 109/109 MP: 10/10
  7475 | D:10     | Reached skill level 12 in Unarmed Combat
  7598 | D:10     | Found a staircase to the Orcish Mines.
  7825 | Orc:1    | Entered Level 1 of the Orcish Mines
  8027 | Orc:2    | Entered Level 2 of the Orcish Mines
  8189 | Orc:1    | Noticed an orc high priest
  8333 | Orc:2    | Killed an orc high priest
  8333 | Orc:2    | Reached skill level 8 in Fighting
  8454 | Orc:2    | Noticed an orc knight
  8512 | Orc:1    | HP: 3/111 [orc knight/long sword (10)]
  8677 | Orc:1    | Killed an orc knight
  8677 | Orc:1    | Reached skill level 9 in Throwing
  8692 | Orc:2    | Found a roughly hewn altar of Beogh.
  8815 | Orc:2    | Noticed an orc warlord
  8837 | Orc:2    | Noticed Snorg
  8857 | Orc:1    | Mangled by Snorg

Skill      XL: |  1  2  3  4  5  6  7  8  9 10 11 |
---------------+----------------------------------+-----
Unarmed Combat | 1 2 3 4 5 7 8 10 11 12 | 12.7
Fighting       | 2 3 4 5 6 7 8 |  8.2
Throwing       | 4 5 6 7 8 9 |  9.0
Dodging        | |  1.5
Stealth        | |  0.3

Action                   |  1- 3 |  4- 6 |  7- 9 | 10-12 || total
-------------------------+-------+-------+-------+-------++-------
Melee: Unarmed           |   108 |   256 |   282 |   435 ||  1081
       Punch             |     2 |     2 |     8 |    15 ||    27
Throw: Stone             |       |     2 |       |       ||     2
       Large rock        |       |     2 |     1 |       ||     3
       Javelin           |       |       |     4 |     8 ||    12
Evoke: Wand              |       |       |       |     4 ||     4
  Eat: Chunk             |    15 |    17 |    24 |    39 ||    95
       Royal jelly       |       |       |       |     1 ||     1
Armor: Robe              |    40 |   131 |       |       ||   171
       Troll leather arm |       |       |   119 |   116 ||   235
Dodge: Dodged            |    56 |   159 |    93 |   156 ||   464
       Deflected         |       |       |       |    12 ||    12
